 Dungeon Crawl Stone Soup version 0.25.0-45-g978344163c (webtiles) character file.

Game seed: 2271843244444401213

25 Gwenloh the Grasshopper (level 3, 0/24 HPs)
             Began as a Halfling Warper on July 11, 2020.
             Slain by a hobgoblin
             ... wielding a +0 club
              (4 damage)
             ... on level 1 of the Dungeon.
             The game lasted 00:03:02 (598 turns).

Gwenloh the Grasshopper (Halfling Warper)            Turns: 598, Time: 00:03:03

Health: 0/24       AC:  3    Str: 12    XL:     3   Next: 20%
Magic:  2/5        EV: 14    Int: 12    God:
Gold:   21         SH:  0    Dex: 13    Spells: 1/5 levels left

rFire    . . .     SeeInvis .   a - +0 short sword
rCold    . . .     Gourm    .   (shield restricted)
rNeg     . . .     Faith    .   b - +0 leather armour
rPois    .         Spirit   .   (no helmet)
rElec    .         Reflect  .   (no cloak)
rCorr    .         Harm     .   (no gloves)
MR       .....                  (no boots)
Stlth    +.........             (no amulet)
HPRegen  0.08/turn              (no ring)
MPRegen  0.09/turn              (no ring)

@: shrouded
A: small, mutation resistance 1
a: no special abilities


You were on level 1 of the Dungeon.
You were not hungry.

You visited 1 branch of the dungeon, and saw 1 of its levels.

You collected 21 gold pieces.

Inventory:

Hand Weapons
 a - a +0 short sword (weapon)
Missiles
 e - 4 boomerangs of dispersal (quivered)
 i - 21 stones
Armour
 b - a +0 leather armour (worn)
Scrolls
 c - a scroll of enchant armour {unknown}
 d - a scroll of blinking
 g - a scroll of immolation {unknown}
 k - a scroll of identify {unknown}
Comestibles
 f - 2 rations


   Skills:
 + Level 2.0 Fighting
 * Level 3.1 Short Blades
 + Level 1.4 Throwing
 + Level 1.5 Armour
 + Level 2.4 Dodging
 - Level 1.5 Spellcasting
 - Level 3.2 Translocations


You had one spell level left.
You knew the following spells:

 Your Spells              Type           Power        Failure   Level  Hunger
a - Blink                 Tloc           N/A          14%         2    ###....
b - Shroud of Golubria    Chrm/Tloc      #.....       28%         2    ###....

Your spell library contained the following spells:

 Spells                   Type           Power        Failure   Level  Hunger
 Gell's Gravitas          Tloc           #.........   28%         3    ####...
 Lesser Beckoning         Tloc           #.........   28%         3    ####...
 Teleport Other           Tloc           #.......     28%         3    ####...
 Passage of Golubria      Tloc           N/A          67%         4    #####..


Dungeon Overview and Level Annotations

Branches:
Dungeon (1/15)

Altars:


Innate Abilities, Weirdness & Mutations

You are small and have problems with some larger weapons.
You are somewhat resistant to further mutation.


Message History

You kill the kobold!
You closely miss the jackal.
The jackal is almost dead.
You kill the jackal!
Throwing (i - inventory. (/) - cycle)
j - a poisoned dart (quivered)
Press: ? - help, Shift-Dir - straight line, f - hobgoblin
Aim: a hobgoblin, wielding a +0 club You throw a poisoned dart.
The poisoned dart hits the hobgoblin.
The hobgoblin hits you but does no damage.
Throwing (i - inventory. (/) - cycle)
e - 5 boomerangs of dispersal (quivered)
Press: ? - help, Shift-Dir - straight line, f/p - hobgoblin
Aim: a hobgoblin, wielding a +0 club You throw a boomerang of dispersal.
The boomerang of dispersal barely misses the hobgoblin.
The boomerang of dispersal hits the rat.
The rat blinks!
You kill the rat!
The hobgoblin misses you.
You hit the hobgoblin but do no damage. The hobgoblin hits you with a +0 club.
You die...

#.>..........# #.#.
#..#.....†...# #...
#..#........)# ####
#........###)####### ##.......#
#.......# #.......# #.......#
#..#########......# ##
##.#......##......##########
#..##..(...(lg@................
#.)##......##..##############
#.>###.....###.# ####
..##...###### #.# #.## #.#.
#(#. #.. ###.## # . ..... +#
#..... .. . ..> #..... #. ....
##...# #. .... +...'


You could see a hobgoblin and a frilled lizard.

Vanquished Creatures
  A dart slug (D:1)
  3 hobgoblins (D:1)
  4 jackals (D:1)
  2 frilled lizards (D:1)
  5 goblins (D:1)
  5 kobolds (D:1)
  4 rats (D:1)
24 creatures vanquished.

Notes
Turn   | Place    | Note
-------+----------+-------------------------------------------
     0 | D:1      | Gwenloh the Halfling Warper began the quest for the Orb.
     0 | D:1      | Reached XP level 1. HP: 14/14 MP: 3/3
   228 | D:1      | Reached XP level 2. HP: 19/19 MP: 4/4
   287 | D:1      | Learned a level 2 spell: Blink
   290 | D:1      | Learned a level 2 spell: Shroud of Golubria
   573 | D:1      | Reached XP level 3. HP: 17/24 MP: 5/5
   598 | D:1      | Slain by a hobgoblin

Illustrated notes

Levels and vault maps discovered:
D:1:      dpeg_arrival_houses_and_road, layout_basic, st_stairs_7

Skill      XL: |  1  2 |
---------------+-------+-----
Fighting       | 2 |  2.0
Short Blades   | 3 |  3.1
Throwing       | |  1.4
Armour         | |  1.5
Dodging        | |  2.4
Spellcasting   | |  1.5
Translocations | |  3.2

Action                   || total
-------------------------++-------
Melee: Short sword       ||    89
Throw: Dart              ||    24
       Boomerang         ||     1
 Cast: Shroud of Golubri ||     2
Armor: Leather armour    ||    17
Dodge: Dodged            ||    53
